 Dungeon Crawl Stone Soup version 0.29-a0-284-gf9362112df (webtiles) character file.

Game seed: 7047551038834442061

82 sammy202020 the Skirmisher (level 4, -10/36 (37) HPs)
             Began as a Palentonga Fighter on Mar 20, 2022.
             Mangled by a hell rat (14 damage)
             ... in a sewer.
             The game lasted 00:03:58 (2767 turns).

sammy202020 the Skirmisher (Palentonga Fighter)     Turns: 2767, Time: 00:03:58

HP:   -10/36 (37)   AC:  6    Str: 19    XL:     4   Next: 21%
MP:   4/4           EV:  4    Int: 10    God:
Gold: 126           SH: 11    Dex: 10    Spells: 3/3 levels left

rFire   . . .      SeeInvis +   a - +0 flail
rCold   . . .      Faith    .   f - +0 tower shield
rNeg    . . .      Spirit   .   b - +0 scale mail
rPois   .          Reflect  .   (no helmet)
rElec   .          Harm     .   (no cloak)
rCorr   .          Rampage  .   (no gloves)
Will    .....                   (no barding)
Stlth   ..........              (no amulet)
HPRegen 0.12/turn               (no ring)
MPRegen 0.09/turn               (no ring)

@: lightly drained
A: large, rugged brown scales 3, see invisible, deformed body, roll 1, armoured
tail
a: Rolling Charge


You were in a sewer.
You visited 1 branch of the dungeon, and saw 3 of its levels.
You also visited: Sewer.

You collected 126 gold pieces.

Inventory:

Hand Weapons
 a - a +0 flail (weapon)
Armour
 b - a +0 scale mail (worn)
 c - a +0 buckler
 f - a +0 tower shield (worn)
Scrolls
 e - a scroll of immolation {unknown}
 h - 5 scrolls of identify {unknown}
 j - 2 scrolls of enchant weapon {unknown}
 k - a scroll of vulnerability {unknown}
 l - a scroll of noise {unknown}
Potions
 g - a potion of haste {unknown}
 i - a potion of curing {unknown}
 m - a potion of heal wounds {unknown}


   Skills:
 * Level 3.5 Fighting
 * Level 2.6 Maces & Flails
 * Level 2.9 Armour
 + Level 0.6 Dodging
 * Level 3.0 Shields


You had 3 spell levels left.
You didn't know any spells.
Your spell library contained the following spells:

 Spells                   Type           Power      Damage    Failure   Level
 Beastly Appendage        Tmut           0%         N/A       100%        1
 Wereblood                Tmut           0%         N/A       100%        2
 Spider Form              Tmut/Pois      0%         N/A       100%        3


Dungeon Overview and Level Annotations

Branches:
Dungeon (3/15)              Sewer (1/1)

Altars:


Innate Abilities, Weirdness & Mutations

You are completely covered in rugged brown scales. (AC +3, +7% HP)
You have supernaturally acute eyesight. (SInv)
Armour fits poorly on your strangely shaped body.
You can roll at nearby foes to attack.
You have a long armoured tail.


Message History

Moving in this stuff is going to be slow.
You block the rat's attack.
You barely miss the rat. You block the rat's attack. The rat bites you.
You barely miss the rat. You tail-slap the rat.
You kill the rat!
No target in view!
No target in view!
You see here a rat corpse.
You enter the shallow water.
Moving in this stuff is going to be slow.
You enter the shallow water.
Moving in this stuff is going to be slow.
A rat comes into view.
A rat comes into view.
You open the door.
A hell rat comes into view.
The hell rat roars deafeningly!
Found seven items.
Found a gate leading back out of this place.
There is an open door here.
You enter the shallow water.
Moving in this stuff is going to be slow.
The hell rat splashes around in the water.
The hell rat bites you!
The hell rat splashes around in the water.
Okay, then.
You completely miss the hell rat. The hell rat barely misses you.
The hell rat splashes around in the water.
You hit the hell rat but do no damage.
Your tail-slap misses the hell rat.
You block the hell rat's attack. The rat bites you but does no damage.
The hell rat splashes around in the water.
You barely miss the hell rat. The hell rat bites you!
You feel drained.
The rat twitches its whiskers.
The hell rat bites you!
* * * LOW HITPOINT WARNING * * *
You hit the hell rat.
Your tail-slap misses the hell rat.
The hell rat is moderately wounded.
The hell rat splashes around in the water.
The rat bites you but does no damage. x2; The hell rat bites you!
You die...

..## ≈≈≈≈.≈.
#..≈ ≈≈≈##
#≈..## ≈≈≈#
##.≈##.##≈.##
#≈≈≈#≈.≈ .r≈#
#.≈##?≈≈##≈.#
#≈≈#??≈≈@#.≈#
#∩∩#∩?≈rrr..#
#.≈#!!≈≈≈#.≈#
#..##$≈≈##≈≈#
#.≈.#.≈.#.≈≈#
##.≈##.##≈≈##
#..†###...#
##≈≈.≈†.≈##
#≈≈.≈≈≈≈#


You could see a hell rat and 2 rats.

Vanquished Creatures
  2 adders (D:2)
  A dart slug (D:2)
  5 ball pythons
  3 endoplasms
  7 giant cockroaches
  4 goblins
  2 hobgoblins
  7 jackals
  7 quokkas
  4 bats
  2 frilled lizards (D:1)
  5 kobolds
  7 rats
56 creatures vanquished.

Vanquished Creatures (others)
  A plant (D:2)
1 creature vanquished.

Grand Total: 57 creatures vanquished

Notes
Turn   | Place    | Note
-------+----------+-------------------------------------------
     0 | D:1      | sammy202020 the Palentonga Fighter began the quest for the
                  | Orb.
     0 | D:1      | Reached XP level 1. HP: 19/19 MP: 1/1
   247 | D:1      | Reached XP level 2. HP: 21/25 MP: 2/2
   934 | D:2      | Reached XP level 3. HP: 22/31 MP: 3/3
  1182 | D:2      | Found a faded altar of an unknown god.
  2436 | D:3      | Reached XP level 4. HP: 24/37 MP: 4/4
  2475 | D:3      | Found a glowing drain.
  2493 | Sewer    | Entered a sewer
  2767 | Sewer    | Mangled by a hell rat

Illustrated notes

Levels and vault maps discovered:
D:1:      kilobyte_arrival_exit_the_forest, layout_basic
D:2:      layout_basic, dreamdust_ecumenical_altar_grove
D:3:      layout_rooms, gup_sewer_entry_pipe
Sewer:    sewer_hellmonk_bad_rat

Skill      XL: |  1  2  3  4 |
---------------+-------------+-----
Shields        | 3 |  3.0
Fighting       | |  3.5
Maces & Flails | |  2.6
Armour         | |  2.9
Dodging        | |  0.6

Action                   |  1- 3 |  4- 6 || total
-------------------------+-------+-------++-------
Melee: Flail             |   154 |    44 ||   198
       Tailslap          |     6 |     3 ||     9
 Abil: Rolling Charge    |     3 |       ||     3
  Use: Potion            |       |     1 ||     1
Armor: Scale mail        |    93 |    32 ||   125
Dodge: Dodged            |    39 |     8 ||    47
Block: Buckler           |     9 |       ||     9
       Tower shield      |    86 |    38 ||   124

Table legend: (Time is in decaauts)
 A = Elapsed time spent in this place.
 B = Non-inter-level travel time spent in this place.
 C = Inter-level travel time spent in this place.
 D = Time resting spent in this place.
 E = Time spent auto-exploring this place.
 F = Levels seen in this place.
 G = Mean time per level.
                   A        B        C        D        E       F      G
               +--------+--------+--------+--------+--------+-----+--------+
         Total |   2886 |   2853 |     33 |    560 |   1731 |   4 |  721.5 |
       Dungeon |   2603 |   2570 |     33 |    560 |   1487 |   3 |  867.7 |
         Sewer |    282 |    282 |      0 |      0 |    243 |   1 |  282.0 |
               +--------+--------+--------+--------+--------+-----+--------+

Top non-repeatable levels by time:
     D:2: 1550 daAuts
     D:1: 948 daAuts
   Sewer: 282 daAuts
     D:3: 105 daAuts
